 Dungeon Crawl Stone Soup version 0.28-a0-1087-gf3fc490d9d (webtiles) character file.

Game seed: 12221488900866862370

23 spiderkeys the Ducker (level 2, 0/21 HPs)
             Began as a Felid Abyssal Knight on Dec 10, 2021.
             Was an Initiate of Lugonu.
             Succumbed to an adder's poison
             ... on level 2 of the Dungeon.
             The game lasted 00:03:35 (2275 turns).

spiderkeys the Ducker (Felid Abyssal Knight)        Turns: 2275, Time: 00:03:35

Health: 0/21       AC: 21    Str:  9    XL:     2   Next: 75%
Magic:  4/4        EV:  4    Int: 11    God:    Lugonu [......]
Gold:   114        SH:  0    Dex: 16    Spells: 1/1 levels left
                                        Lives:  0   Deaths: 0

rFire   . . .      SeeInvis +     - Unarmed
rCold   . . .      Faith    .   (shield unavailable)
rNeg    . . .      Spirit   .   (armour unavailable)
rPois   +          Reflect  .   (helmet unavailable)
rElec   .          Harm     .   (cloak unavailable)
rCorr   .          Rampage  .   (gloves unavailable)
Will    .....      NoTele   +   (boots unavailable)
Stlth   +.........              (no amulet)
HPRegen 0.07/turn               (no ring)
MPRegen 0.09/turn               (no ring)

@: lethally poisoned (0 -> -3), tree-form
A: stationary, stasis, torment immunity, boosted hp, very small, (claws 1),
(fangs 3), see invisible, (speed 1), (shaggy fur 1), (stealthy paws), no weapons
or thrown items, no armour, multi-lived
a: Renounce Religion


You were on level 2 of the Dungeon.
You worshipped Lugonu.
Lugonu was noncommittal.
You were a tree.
You visited 1 branch of the dungeon, and saw 2 of its levels.
You visited the Abyss 1 time.

You collected 114 gold pieces.


Innate Abilities, Weirdness & Mutations

You are a tree.
Your roots penetrate the ground, keeping you stationary.
You cannot be teleported.
You are immune to unholy pain and torment.
Your maximum health is greatly increased.
((You have sharp claws.))
((You have razor-sharp teeth.))
You have supernaturally acute eyesight. (SInv)
((You cover ground quickly. (Speed+)))
((You are covered in fur. (AC +1)))
((Your paws help you pounce on unaware monsters.))
You are incapable of wielding weapons or throwing items.
You cannot wear armour.
You gain extra lives every three experience levels.


   Skills:
 - Level 3.0 Fighting
 + Level 3.7 Dodging
 * Level 3.0 Unarmed Combat
 - Level 1.7 Invocations


You had one spell level left.
You didn't know any spells.
Your spell library contained the following spells:

 Spells                   Type           Power      Damage    Failure   Level
 Pain                     Necr           0%         1d4       34%         1
 Blink                    Tloc           0%         N/A       47%         2
 Lesser Beckoning         Tloc           0%         N/A       71%         3
 Mephitic Cloud           Conj/Pois/Air  0%         N/A       71%         3
 Flame Wave               Conj/Fire      0%         2d4       98%         4
 Agony                    Necr           0%         N/A       100%        5
 Fireball                 Conj/Fire      0%         3d3       100%        5
 Lightning Bolt           Conj/Air       0%         1d11      100%        5
 Manifold Assault         Tloc           0%         N/A       100%        5
 Excruciating Wounds      Necr           Unusable   N/A       N/A         5

Inventory:

Scrolls
 d - 2 scrolls of teleportation {@r4}
Potions
 c - a potion of lignification {!q}
 e - a potion of attraction {unknown}

Dungeon Overview and Level Annotations

Branches:
Dungeon (2/15)

Altars:

....#......#
#.#
.####..#...#
#†# .
...#...# #.#
# ...# ...
#.## .#..
...## #..#
##. #..(#
##.#
#....###.#
#.S.#.#
#♣..# ##..#
####


You could see an adder.


Message History

You scratch the endoplasm but do no damage.
The endoplasm hits you.
* * * LOW HITPOINT WARNING * * *
😨 HP[-1]
You take 1 damage, and now have 7/14 hp.
Unknown command.
You scratch the endoplasm.
You kill the endoplasm!
Lugonu accepts your kill. 😮 HP[+1]
The endoplasm jiggles. 😮 HP[+1]
There is a stone staircase leading up here.
You climb upwards.
There is a stone staircase leading down here.
You start resting. 😎 HP[+5]
Your hp is fully restored (14).
You climb downwards.
There is a stone staircase leading up here.
You barely miss the endoplasm. The endoplasm freezes you.
You are frozen. 😕 HP[-2]
You take 2 damage, and now have 12/14 hp.
You scratch the endoplasm.
You kill the endoplasm!
Lugonu accepts your kill.
Found a stone staircase leading down. 😎 HP[+2]
Your hp is fully restored (14).
A gnoll comes into view. It is wielding a +0 halberd.
A rat and 2 gnolls come into view.
The gnoll shouts!
The gnoll moves out of view.
You see here a bat skeleton.
Found an escape hatch in the ceiling.
Found a stone staircase leading up.
A goblin comes into view. It is wielding a +0 dagger.
The goblin shouts!
You barely miss the goblin. The goblin barely misses you.
You scratch the goblin.
You kill the goblin!
Lugonu accepts your kill.
Your Unarmed Combat skill increases to level 3!
You see here a +0 dagger.
You now have 114 gold pieces (gained 15).
There is a stone staircase leading up here.
The gnoll misses you. The gnoll barely misses you.
The gnoll completely misses you.
You climb upwards.
There is a stone staircase leading down here.
There is a stone staircase leading down here.
You climb downwards.
There is a stone staircase leading up here.
A frilled lizard comes into view.
The frilled lizard hisses angrily.
You barely miss the frilled lizard. You bite the frilled lizard.
The frilled lizard misses you.
You completely miss the frilled lizard. Your bite misses the frilled lizard.
The frilled lizard misses you.
You scratch the frilled lizard.
You kill the frilled lizard!
Lugonu accepts your kill.
No target in view!
You see here a frilled lizard corpse.
An adder comes into view.
The adder hisses angrily.
The adder bites you. 😕 HP[-3]
You take 3 damage, and now have 11/14 hp.
MASSIVE DAMAGE!! (PAUSE)
You completely miss the adder. The adder bites you. 😮 HP[-2]
You take 2 damage, and now have 9/14 hp.
You scratch the adder. The adder closely misses you.
You barely miss the adder. The adder bites you.
* * * LOW HITPOINT WARNING * * *
😨 HP[-5]
You take 5 damage, and now have 4/14 hp.
MASSIVE DAMAGE!! (PAUSE)
You scratch the adder. The adder bites you.
* * * LOW HITPOINT WARNING * * *
You are lethally poisoned!
The adder poisons you! The adder misses you. 😱 HP[-2]
You take 2 damage, and now have 2/14 hp.
Unknown command.
It was a potion of lignification.
You turn into a tree.
Your roots penetrate the ground.
* * * LOW HITPOINT WARNING * * *
You feel sick. The adder bites you but does no damage.
You now have 21 max hp (+7).
Okay, then.
It was a potion of flight.
Your roots keep you in place.
* * * LOW HITPOINT WARNING * * *
You feel sick.
The adder bites you but does no damage. 😱 HP[-1]
You take 1 damage, and now have 1/21 hp.
It was a potion of magic.
Magic courses through your body.
You die...

Skill      XL: |  1  2 |
---------------+-------+-----
Unarmed Combat | 3 |  3.0
Fighting       | |  3.0
Dodging        | |  3.7
Invocations    | |  1.7

Action                   || total
-------------------------++-------
Melee: Unarmed           ||    77
       Bite              ||     6
Invok: Depart the Abyss  ||     1
  Use: Scroll            ||     3
       Potion            ||     3
Armor: Skin              ||     4
Dodge: Dodged            ||    71

Levels and vault maps discovered:
D:1:      erik_arrival_cave_to_civilisation [erik_arrival_cave_to_temple],
          layout_basic, dreamdust_ecumenical_altar_sealed_demon,
          chequers_serial_rivers_marsh
D:2:      layout_rooms, basic_altar, minivault_25, minmay_domino_2, uniq_natasha

Notes
Turn   | Place    | Note
-------+----------+-------------------------------------------
     0 | Abyss:1  | spiderkeys the Felid Abyssal Knight began the quest for the
                  | Orb.
     0 | Abyss:1  | Reached XP level 1. HP: 10/10 MP: 3/3
     0 | Abyss:1  | magus.rc [v1.9.10]
   196 | Abyss:1  | You add the spells Mephitic Cloud, Flame Wave, Fireball and
                  | Lightning Bolt to your library.
   196 | Abyss:1  | Got the Reference Book on Burning Lightness
   224 | Abyss:1  | Noticed a chaos spawn
   236 | Abyss:1  | Noticed a small abomination
   236 | Abyss:1  | Noticed a wretched star
   245 | Abyss:1  | Noticed a starcursed mass
   271 | Abyss:1  | You pick up a book of Spatial Translocations and begin
                  | reading...
   271 | Abyss:1  | You add the spells Blink, Lesser Beckoning and Manifold
                  | Assault to your library.
   281 | Abyss:1  | Noticed a large abomination
   299 | D:1      | You pass through the gate.
   299 | D:1      | Escaped the Abyss
  1138 | D:1      | Reached XP level 2. HP: 14/14 MP: 4/4
  1245 | D:1      | You pick up a book of Pain and begin reading...
  1245 | D:1      | You add the spells Pain and Agony to your library.
  1642 | D:1      | Found a faded altar of an unknown god.
  1642 | D:1      | Noticed a crimson imp
  2188 | D:2      | Reached skill level 3 in Unarmed Combat
  2272 | D:2      | HP: 2/14 [adder (2)]
  2275 | D:2      | Succumbed to an adder's poison

Vanquished Creatures
  A dart slug (D:1)
  2 bats
  2 endoplasms (D:2)
  2 giant cockroaches
  2 hobgoblins (D:1)
  A kobold (D:1)
  A quokka (D:1)
  2 ball pythons (D:1)
  3 frilled lizards
  2 goblins
  3 rats (D:1)
21 creatures vanquished.

Table legend:
 A = Non-vault XP
 B = Vault XP
 C = Vault XP percentage of total XP
 D = Non-vault monster count
 E = Vault monster count
 F = Vault count percentage of total count
                 A         B        C        D         E       F
            +---------+---------+-------+---------+---------+-------
      Total |      31 |       3 |   8.8 |      19 |       2 |   9.5
            +---------+---------+-------+---------+---------+-------
        D:1 |      21 |       3 |  12.5 |      13 |       2 |  13.3
        D:2 |      10 |       0 |   0.0 |       6 |       0 |   0.0
            +---------+---------+-------+---------+---------+-------

Illustrated notes

Table legend:
 A = Kills in this place as a percentage of kills in entire the game.
 B = Kills by you in this place as a percentage of kills by you in the entire game.
 C = Kills by friends in this place as a percentage of kills by friends in the entire game.
 D = Other kills in this place as a percentage of other kills in the entire game.
 E = Experience gained in this place as a percentage of experience gained in the entire game.
 F = Experience gained in this place divided by the number of levels of this place that you have seen.
                   A       B       C       D       E      F
               +-------+-------+-------+-------+-------+----------------------
         Total | 100.0 | 100.0 |   N/A |   N/A | 100.0 |  11.3
       Dungeon | 100.0 | 100.0 |   N/A |   N/A | 100.0 |  17.0
               +-------+-------+-------+-------+-------+----------------------

Table legend: (Time is in decaauts)
 A = Elapsed time spent in this place.
 B = Non-inter-level travel time spent in this place.
 C = Inter-level travel time spent in this place.
 D = Time resting spent in this place.
 E = Time spent auto-exploring this place.
 F = Levels seen in this place.
 G = Mean time per level.
                   A        B        C        D        E       F      G
               +--------+--------+--------+--------+--------+-----+--------+
         Total |   1991 |   1922 |     69 |    342 |   1233 |   3 |  663.7 |
       Dungeon |   1749 |   1680 |     69 |    342 |   1058 |   2 |  874.5 |
         Abyss |    241 |    241 |      0 |      0 |    174 |   1 |  241.0 |
               +--------+--------+--------+--------+--------+-----+--------+

Top non-repeatable levels by time:
     D:1: 1505 daAuts
     D:2: 243 daAuts
 Abyss:1: 241 daAuts
